[ AOE2 MATCH · #506560697 ]
UnrankedPersians vs Bengalis
Player's team · LOSS
Rival team · WIN
[ REPLAY ANALYSIS · EXTRACTED FROM THE RECORDED GAME ]
Feudal
8:05
Castle
18:36
Imperial
51:22
| APM avg | 56.0 |
| APM peak | 94 |
| eAPM avg | 34.8 |
| Villagers / military | 225 / 597 |
Focus
⚔️ 40.7% · 🌾 59.3%
Scout Cavalry ×393 · Cavalry Archer ×104 · Skirmisher ×71 · Battering Ram ×16 · Bombard Cannon ×5 · Knight ×4
Feudal
13:22
Castle
17:09
Imperial
56:49
| APM avg | 48.1 |
| APM peak | 122 |
| eAPM avg | 33.4 |
| Villagers / military | 329 / 272 |
Focus
⚔️ 35.0% · 🌾 65.0%
Elephant Archer ×79 · Scout Cavalry ×75 · Ratha (Ranged) ×39 · Monk ×38 · Scorpion ×10 · Skirmisher ×8
Match map
Initial resources + every placement click. Lines = walls · curves = elevation contours. ◆ gold · ⬟ stone · ● berries · ✦ relic · ◌ wall gap
Your base· Open — unwalled flank
snowshawnskate's base· Open — 4t gap
Smoothed initial terrain · ◌ = detected wall gap · hover for details
Inputs per minute
— _DaViCy_ - - snowshawnskate
Build order — _DaViCy_
First 150 of 1239 actions detected
| 0:00 | Queue | Villager (Male) |
| 0:01 | Build | House |
| 0:02 | Build | House |
| 0:10 | Queue | Villager (Male) |
| 0:10 | Queue | Villager (Male) |
| 0:26 | Queue | Villager (Male) |
| 0:26 | Queue | Villager (Male) |
| 1:21 | Queue | Villager (Male) |
| 1:21 | Queue | Villager (Male) |
| 2:02 | Build | Lumber Camp |
| 2:04 | Queue | Villager (Male) |
| 2:12 | Queue | Villager (Male) |
| 2:47 | Queue | Villager (Male) |
| 2:47 | Queue | Villager (Male) |
| 3:03 | Queue | Villager (Male) |
| 3:42 | Build | House |
| 3:52 | Queue | Villager (Male) |
| 3:52 | Queue | Villager (Male) |
| 4:04 | Queue | Villager (Male) |
| 4:07 | Build | Mill |
| 5:03 | Queue | Villager (Male) |
| 5:19 | Research | Loom |
| 6:01 | Research | Feudal Age |
| 6:01 | Research | Feudal Age |
| 6:46 | Queue | Villager (Male) |
| 7:33 | Build | Barracks |
| 8:03 | Build | Palisade Wall |
| 8:05 | Age | Feudal Age |
| 8:08 | Build | Palisade Wall |
| 8:10 | Build | Palisade Wall |
| 8:11 | Build | Palisade Wall |
| 8:12 | Build | Palisade Wall |
| 8:15 | Build | Palisade Wall |
| 8:16 | Build | Palisade Wall |
| 8:26 | Queue | Villager (Male) |
| 8:33 | Queue | Villager (Male) |
| 8:54 | Build | Stable |
| 8:59 | Build | House |
| 9:02 | Queue | Villager (Male) |
| 9:19 | Research | Town Watch |
| 9:32 | Build | Farm |
| 9:34 | Build | Farm |
| 9:36 | Build | Farm |
| 9:38 | Queue | Villager (Male) |
| 9:46 | Queue | Scout Cavalry |
| 9:50 | Build | House |
| 9:59 | Queue | Villager (Male) |
| 10:03 | Build | Farm |
| 10:16 | Build | Farm |
| 10:32 | Build | Farm |
| 10:32 | Queue | Villager (Male) |
| 10:40 | Build | House |
| 10:57 | Queue | Villager (Male) |
| 10:59 | Build | Farm |
| 11:08 | Build | House |
| 11:11 | Queue | Villager (Male) |
| 11:25 | Build | Farm |
| 11:35 | Queue | Villager (Male) |
| 11:46 | Queue | Villager (Male) |
| 11:47 | Build | Farm |
| 11:50 | Queue | Scout Cavalry |
| 12:02 | Build | Farm |
| 12:07 | Queue | Villager (Male) |
| 12:21 | Queue | Villager (Male) |
| 12:22 | Build | Mining Camp |
| 12:43 | Queue | Villager (Male) |
| 12:49 | Research | Double-Bit Axe |
| 12:49 | Research | Double-Bit Axe |
| 13:05 | Build | Farm |
| 13:10 | Queue | Villager (Male) |
| 13:36 | Queue | Villager (Male) |
| 13:48 | Queue | Scout Cavalry |
| 13:54 | Build | Farm |
| 13:56 | Queue | Villager (Male) |
| 13:58 | Build | Farm |
| 14:06 | Build | Farm |
| 14:15 | Queue | Villager (Male) |
| 14:18 | Build | Farm |
| 14:39 | Queue | Villager (Male) |
| 14:47 | Build | House |
| 14:52 | Queue | Villager (Male) |
| 15:02 | Build | Blacksmith |
| 15:20 | Queue | Villager (Male) |
| 15:57 | Build | House |
| 16:11 | Research | Castle Age |
| 16:11 | Research | Castle Age |
| 16:22 | Build | Farm |
| 16:24 | Build | Farm |
| 16:27 | Build | Farm |
| 16:41 | Research | Horse Collar |
| 16:44 | Queue | Scout Cavalry |
| 16:51 | Build | Farm |
| 16:54 | Queue | Scout Cavalry |
| 17:00 | Build | Farm |
| 17:20 | Research | Scale Barding Armor |
| 17:31 | Build | Farm |
| 17:36 | Queue | Scout Cavalry |
| 17:49 | Research | Bloodlines |
| 18:07 | Queue | Villager (Male) |
| 18:08 | Research | Forging |
| 18:09 | Research | Forging |
| 18:25 | Build | Farm |
| 18:36 | Age | Castle Age |
| 18:39 | Research | Light Cavalry (upgrade) |
| 18:47 | Queue | Villager (Male) |
| 19:09 | Research | Bow Saw |
| 19:09 | Research | Bow Saw |
| 19:13 | Queue | Knight |
| 19:18 | Queue | Villager (Male) |
| 19:35 | Queue | Villager (Male) |
| 19:48 | Research | Gold Mining |
| 19:52 | Queue | Villager (Male) |
| 20:07 | Queue | Scout Cavalry |
| 20:09 | Build | Farm |
| 20:14 | Queue | Villager (Male) |
| 20:28 | Queue | Scout Cavalry |
| 20:36 | Build | Lumber Camp |
| 20:39 | Queue | Villager (Male) |
| 21:13 | Queue | Villager (Male) |
| 21:14 | Queue | Knight |
| 21:27 | Queue | Villager (Male) |
| 21:37 | Build | Town Center |
| 21:41 | Queue | Knight |
| 21:51 | Queue | Villager (Male) |
| 21:52 | Build | House |
| 21:52 | Build | House |
| 22:01 | Build | Farm |
| 22:03 | Queue | Villager (Male) |
| 22:09 | Build | Farm |
| 22:13 | Build | Farm |
| 22:31 | Queue | Knight |
| 22:43 | Queue | Scout Cavalry |
| 22:57 | Queue | Scout Cavalry |
| 22:59 | Queue | Villager (Male) |
| 23:02 | Queue | Villager (Male) |
| 23:03 | Build | Archery Range |
| 23:05 | Build | Archery Range |
| 23:12 | Build | Mining Camp |
| 23:26 | Research | Fletching |
| 23:26 | Research | Fletching |
| 23:30 | Queue | Villager (Male) |
| 23:30 | Queue | Villager (Male) |
| 23:36 | Build | Farm |
| 23:37 | Build | Farm |
| 23:37 | Build | Farm |
| 23:37 | Build | Farm |
| 23:38 | Build | Farm |
| 23:46 | Queue | Villager (Male) |
| 23:50 | Queue | Villager (Male) |
| 23:51 | Queue | Villager (Male) |
Build order — snowshawnskate
First 150 of 939 actions detected
| 0:01 | Queue | Villager (Male) |
| 0:01 | Queue | Villager (Male) |
| 0:02 | Build | House |
| 0:04 | Build | House |
| 0:11 | Queue | Villager (Male) |
| 0:18 | Queue | Villager (Male) |
| 1:31 | Queue | Villager (Male) |
| 1:59 | Queue | Villager (Male) |
| 2:15 | Queue | Villager (Male) |
| 2:51 | Queue | Villager (Male) |
| 3:01 | Build | House |
| 3:07 | Queue | Villager (Male) |
| 3:07 | Queue | Villager (Male) |
| 3:19 | Build | Barracks |
| 3:43 | Queue | Villager (Male) |
| 3:46 | Queue | Villager (Male) |
| 4:15 | Queue | Militia |
| 4:15 | Queue | Militia |
| 4:16 | Queue | Villager (Male) |
| 4:38 | Queue | Militia |
| 4:54 | Queue | Villager (Male) |
| 5:10 | Build | House |
| 5:11 | Queue | Villager (Male) |
| 5:18 | Queue | Militia |
| 5:55 | Queue | Villager (Male) |
| 6:22 | Queue | Villager (Male) |
| 6:29 | Build | House |
| 6:34 | Queue | Villager (Male) |
| 6:48 | Queue | Villager (Male) |
| 6:50 | Build | Lumber Camp |
| 6:57 | Queue | Villager (Male) |
| 7:08 | Queue | Villager (Male) |
| 7:26 | Queue | Villager (Male) |
| 7:28 | Build | House |
| 7:39 | Queue | Villager (Male) |
| 7:45 | Queue | Villager (Male) |
| 7:59 | Queue | Villager (Male) |
| 8:13 | Build | Palisade Wall |
| 8:14 | Research | Loom |
| 8:18 | Build | Mill |
| 8:38 | Build | Palisade Wall |
| 8:42 | Queue | Villager (Male) |
| 8:59 | Queue | Villager (Male) |
| 9:02 | Build | House |
| 9:05 | Queue | Villager (Male) |
| 9:11 | Build | Mining Camp |
| 9:45 | Build | Mill |
| 9:58 | Build | Palisade Wall |
| 10:00 | Build | Palisade Wall |
| 10:07 | Build | Palisade Wall |
| 10:11 | Build | Palisade Wall |
| 10:17 | Queue | Villager (Male) |
| 10:41 | Queue | Villager (Male) |
| 11:00 | Build | Palisade Wall |
| 11:05 | Build | Palisade Wall |
| 11:12 | Research | Feudal Age |
| 13:02 | Build | Palisade Wall |
| 13:04 | Build | Palisade Wall |
| 13:05 | Build | Palisade Wall |
| 13:22 | Age | Feudal Age |
| 13:24 | Build | Market |
| 13:25 | Build | Blacksmith |
| 13:32 | Build | Palisade Gate |
| 13:42 | Build | Palisade Gate |
| 13:59 | Build | Palisade Wall |
| 14:04 | Build | House |
| 14:07 | Build | House |
| 14:16 | Build | Palisade Wall |
| 14:29 | Research | Castle Age |
| 15:03 | Build | House |
| 15:05 | Queue | Spearman |
| 15:17 | Research | Double-Bit Axe |
| 15:41 | Build | House |
| 15:44 | Build | House |
| 16:08 | Build | Palisade Wall |
| 16:14 | Research | Gold Mining |
| 16:15 | Research | Gold Mining |
| 16:18 | Queue | Spearman |
| 17:05 | Build | Palisade Wall |
| 17:09 | Age | Castle Age |
| 17:11 | Build | Monastery |
| 17:13 | Build | Monastery |
| 17:20 | Build | Farm |
| 17:22 | Build | Farm |
| 17:24 | Queue | Villager (Male) |
| 17:29 | Queue | Villager (Male) |
| 17:34 | Build | Siege Workshop |
| 17:53 | Queue | Monk |
| 17:54 | Queue | Monk |
| 18:06 | Build | Farm |
| 18:09 | Queue | Villager (Male) |
| 18:11 | Build | Farm |
| 18:34 | Build | Farm |
| 18:35 | Queue | Scorpion |
| 18:40 | Build | House |
| 18:48 | Build | Farm |
| 19:01 | Queue | Monk |
| 19:01 | Queue | Monk |
| 19:02 | Queue | Villager (Male) |
| 19:15 | Build | House |
| 19:17 | Build | House |
| 19:19 | Build | House |
| 19:29 | Build | Watch Tower |
| 19:32 | Queue | Monk |
| 19:33 | Queue | Monk |
| 19:37 | Build | Farm |
| 19:42 | Queue | Spearman |
| 19:43 | Queue | Spearman |
| 19:47 | Queue | Villager (Male) |
| 20:03 | Queue | Villager (Male) |
| 20:10 | Queue | Scorpion |
| 20:19 | Build | Farm |
| 20:21 | Build | Farm |
| 20:22 | Queue | Villager (Male) |
| 20:35 | Build | House |
| 20:37 | Build | House |
| 20:37 | Queue | Villager (Male) |
| 20:45 | Queue | Monk |
| 20:45 | Queue | Monk |
| 20:53 | Queue | Villager (Male) |
| 21:10 | Build | House |
| 21:11 | Build | House |
| 21:14 | Queue | Scorpion |
| 21:15 | Queue | Monk |
| 21:26 | Build | Watch Tower |
| 21:28 | Build | Stone Wall |
| 21:28 | Queue | Villager (Male) |
| 21:32 | Queue | Villager (Male) |
| 21:32 | Queue | Villager (Male) |
| 21:33 | Queue | Monk |
| 21:33 | Queue | Monk |
| 21:40 | Build | Farm |
| 21:44 | Build | Farm |
| 21:45 | Build | Farm |
| 21:46 | Build | Farm |
| 21:47 | Build | Farm |
| 21:58 | Queue | Villager (Male) |
| 22:01 | Build | Lumber Camp |
| 22:14 | Queue | Monk |
| 22:45 | Queue | Monk |
| 22:48 | Queue | Villager (Male) |
| 22:58 | Queue | Villager (Male) |
| 22:58 | Queue | Villager (Male) |
| 23:16 | Queue | Monk |
| 23:17 | Queue | Monk |
| 23:23 | Queue | Villager (Male) |
| 23:34 | Build | Town Center |
| 23:35 | Queue | Villager (Male) |
| 23:51 | Build | Farm |
| 24:04 | Queue | Monk |
Match timeline
| 3:19 | snowshawnskate · first_building Barracks |
| 7:33 | _DaViCy_ · first_building Barracks |
| 8:03 | _DaViCy_ · wall_segment Palisade Wall x1 |
| 8:05 | _DaViCy_ · age_up feudal |
| 8:08 | _DaViCy_ · wall_segment Palisade Wall x1 |
| 8:10 | _DaViCy_ · wall_segment Palisade Wall x1 |
| 8:11 | _DaViCy_ · wall_segment Palisade Wall x1 |
| 8:12 | _DaViCy_ · wall_segment Palisade Wall x1 |
| 8:13 | snowshawnskate · wall_segment Palisade Wall x1 |
| 8:15 | _DaViCy_ · wall_segment Palisade Wall x1 |
| 8:16 | _DaViCy_ · wall_segment Palisade Wall x1 |
| 8:38 | snowshawnskate · wall_segment Palisade Wall x4 |
| 8:54 | _DaViCy_ · first_building Stable |
| 9:58 | snowshawnskate · wall_segment Palisade Wall x4 |
| 10:00 | snowshawnskate · wall_segment Palisade Wall x6 |
| 10:07 | snowshawnskate · wall_segment Palisade Wall x8 |
| 10:11 | snowshawnskate · wall_segment Palisade Wall x7 |
| 11:00 | snowshawnskate · wall_segment Palisade Wall x3 |
| 11:05 | snowshawnskate · wall_segment Palisade Wall x1 |
| 13:02 | snowshawnskate · wall_segment Palisade Wall x1 |
| 13:04 | snowshawnskate · wall_segment Palisade Wall x1 |
| 13:05 | snowshawnskate · wall_segment Palisade Wall x1 |
| 13:22 | snowshawnskate · age_up feudal |
| 13:59 | snowshawnskate · wall_segment Palisade Wall x1 |
| 14:12 | snowshawnskate · first_market_buy 100 food |
| 14:16 | snowshawnskate · wall_segment Palisade Wall x1 |
| 16:08 | snowshawnskate · wall_segment Palisade Wall x1 |
| 17:05 | snowshawnskate · wall_segment Palisade Wall x1 |
| 17:09 | snowshawnskate · age_up castle |
| 17:11 | snowshawnskate · first_building Monastery |
| 17:34 | snowshawnskate · first_building Siege Workshop |
| 18:36 | _DaViCy_ · age_up castle |
| 19:46 | snowshawnskate · first_market_sell 100 wood |
| 21:28 | snowshawnskate · wall_segment Stone Wall x1 |
| 23:03 | _DaViCy_ · first_building Archery Range |
| 32:25 | snowshawnskate · first_building Archery Range |
| 32:50 | snowshawnskate · first_building Castle |
| 40:34 | _DaViCy_ · first_building Siege Workshop |
| 51:22 | _DaViCy_ · age_up imperial |
| 52:50 | snowshawnskate · first_building Stable |
| 54:10 | _DaViCy_ · first_building Castle |
| 55:10 | snowshawnskate · wall_segment Stone Wall x1 |
| 55:11 | snowshawnskate · wall_segment Stone Wall x1 |
| 55:14 | snowshawnskate · wall_segment Stone Wall x1 |
| 56:32 | snowshawnskate · wall_segment Stone Wall x1 |
| 56:49 | snowshawnskate · age_up imperial |
| 58:39 | snowshawnskate · wall_segment Stone Wall x1 |
| 58:40 | snowshawnskate · wall_segment Stone Wall x1 |
| 58:41 | snowshawnskate · wall_segment Stone Wall x1 |
| 68:28 | _DaViCy_ · resign |
[ AI ANALYSIS · 1 CREDIT ]
What really happened in this match?
Wolo.gg analyzes every decision: build order, eco, micro, common mistakes by bracket. Personalized analysis on WhatsApp or Discord in 30 seconds.
Civ guide
Persians
Perfil
Jugador #425762